 Dungeon Crawl Stone Soup version 0.22-a0-299-g43f9854 (webtiles) character file.

4 vishdafish the Charmwright (level 1, 0/17 HPs)
             Began as a Draconian Skald on Mar 26, 2018.
             Slain by a leopard gecko (1 damage)
             ... on level 1 of the Dungeon.
             The game lasted 00:00:29 (94 turns).

vishdafish the Charmwright (Draconian Skald)          Turns: 94, Time: 00:00:30

Health: 0/17       AC:  4    Str: 13    XL:     1   Next: 50%
Magic:  3/3        EV: 12    Int: 13    God:
Gold:   0          SH:  0    Dex: 10    Spells: 3/4 levels left

rFire    + . .     SeeInvis .   a - +0 falchion
rCold    . . .     Gourm    .   (no shield)
rNeg     . . .     Faith    .   (armour unavailable)
rPois    .         Spirit   .   (helmet restricted)
rElec    .         Reflect  .   (no cloak)
rCorr    .         Harm     .   (no gloves)
MR       .....                  (no boots)
Stlth    ++........             (no amulet)
HPRegen  0.05/turn              (no ring)
MPRegen  0.08/turn              (no ring)

@: no status effects
A: unfitting armour, camouflage 1, fire resistance 1, cold-blooded, AC +4
a: no special abilities


You were on level 1 of the Dungeon.
You were not hungry.

You visited 1 branch of the dungeon, and saw 1 of its levels.

Inventory:

Hand Weapons
 a - a +0 falchion (weapon)
 d - a +2 spear of freezing
Scrolls
 e - a scroll of amnesia {unknown}
Comestibles
 c - a ration


   Skills:
 + Level 2.2 Fighting
 * Level 2.1 Long Blades
 + Level 2.1 Dodging
 + Level 2.0 Spellcasting
 + Level 2.7 Charms


You had 3 spell levels left.
You knew the following spells:

 Your Spells              Type           Power        Failure   Level  Hunger
a - Infusion              Chrm           #...         9%          1    ##.....


Dungeon Overview and Level Annotations

Branches:
Dungeon (1/15)

Altars:


Innate Abilities, Weirdness & Mutations

Your plain brown scales are hard. (AC +4)
You cannot fit into any form of body armour.
You are cold-blooded and may be slowed by cold attacks.
Your skin changes colour to match your surroundings (Stealth+).
Your flesh is heat resistant. (rF+)


Message History

The rat bites you but does no damage.
You hit the rat.
You kill the rat!
The leopard gecko bites you.
* * * LOW HITPOINT WARNING * * *
The leopard gecko misses you.
You see here a rat corpse.
You barely miss the leopard gecko.
Your tail-slap misses the leopard gecko.
The leopard gecko bites you.
* * * LOW HITPOINT WARNING * * *
You closely miss the leopard gecko. The leopard gecko barely misses you.
The leopard gecko misses you.
You riposte.
You closely miss the leopard gecko.
Unknown command.
It was a potion of mutation.
You feel extremely strange.
You feel resistant to heat.
Your skin functions as natural camouflage.
The leopard gecko barely misses you. The leopard gecko bites you.
You die...

####### ### #.....#
..###################### #.....#
................@lg.†..####.....#
#...........#....#####...........
#(...###########...#####..#.....#
#...##.♣....♣..##.........#.....#
#...#...........##.####.........#
##..#♣..♣...(..<.###......#....##
##.(#.............≈#............#
...##..............##......###..#
.###♣..............♣#.....## ...


You could see a leopard gecko and a hobgoblin.

Vanquished Creatures
  A bat (D:1)
  A kobold (D:1)
  A frilled lizard (D:1)
  A rat (D:1)
4 creatures vanquished.

Notes
Turn   | Place    | Note
-------+----------+-------------------------------------------
     0 | D:1      | vishdafish the Draconian Skald began the quest for the Orb.
     0 | D:1      | Reached XP level 1. HP: 17/17 MP: 3/3
    91 | D:1      | Gained mutation: Your flesh is heat resistant. (rF+) [potion of mutation]
    91 | D:1      | Gained mutation: Your skin changes colour to match your surroundings (Stealth+). [potion of mutation]
    94 | D:1      | Slain by a leopard gecko

Vault maps used:
D:1:      nzn_arrival_settlement

Action                   || total
-------------------------++-------
Melee: Falchion          ||    12
       Tailslap          ||     2
  Use: Potion            ||     1
Armor: Skin              ||     4
Dodge: Dodged            ||    17
       Rpst.: Falchion   ||     3

Table legend:
 A = Spawn XP
 B = Non-spawn XP
 C = Spawn XP percentage of total XP
 D = Spawn monster count
 E = Non-spawn monster count
 F = Spawn count percentage of total count
 G = Total turns spent on level
                    A         B        C        D         E        F      G
               +---------+---------+-------+---------+---------+-------+---------
         Total |       0 |       6 |   0.0 |       0 |       4 |   0.0 |    94
               +---------+---------+-------+---------+---------+-------+---------
           D:1 |       0 |       6 |   0.0 |       0 |       4 |   0.0 |    94
               +---------+---------+-------+---------+---------+-------+---------
